 Dungeon Crawl Stone Soup version 0.31-a0-1238-g0d9d05a (webtiles) character file.

Game seed: 6451426931079611834

57 Meow the Conjurer (level 4, 36/36 HPs)
             Began as a Naga Conjurer on Dec 15, 2023.
             Quit the game on level 2 of the Dungeon.
             The game lasted 00:03:10 (1440 turns).

Meow the Conjurer (Naga Conjurer)                   Turns: 1440, Time: 00:03:10

Health: 36/36      AC:  2    Str:  9    XL:     4   Next: 0%
Magic:  5/8        EV:  9    Int: 20    God:
Gold:   64         SH:  0    Dex: 10    Spells: 6/9 levels left

rFire   . . .        a - +1 short sword (freeze)
rCold   . . .        (no shield)
rNeg    . . .        d - +0 robe
rPois   +            (no helmet)
rElec   .            (no cloak)
rCorr   .            (no gloves)
SInv    +            (no barding)
Will    .....        (no amulet)
Stlth   ++           (no ring)
HPRegen 0.26/turn    (no ring)
MPRegen 0.11/turn

%: no passive effects
@: very slow
A: AC +1, large, see invisible, deformed body, poison resistance, slowness 2,
spit poison 1, naga tail 1
a: Spit Poison


You were on level 2 of the Dungeon.
You visited 1 branch of the dungeon, and saw 2 of its levels.

You collected 64 gold pieces.

Inventory:

Hand Weapons
 a - a +1 short sword of freezing (weapon)
Missiles
 e - 20 stones
 l - 4 datura-tipped darts
Armour
 d - a +0 robe (worn)
Scrolls
 g - 2 scrolls of teleportation {unknown}
 h - a scroll of immolation
 i - a scroll of brand weapon {unknown}
 j - a scroll of identify {unknown}
 m - 2 scrolls of fear {unknown}
Potions
 b - 2 potions of magic
 c - 2 potions of curing {unknown}
 f - a potion of attraction {unknown}
 k - a potion of cancellation {unknown}


   Skills:
 - Level 1.5 Dodging
 - Level 3.0 Stealth
 + Level 3.0 Spellcasting
 + Level 4.7 Conjurations


You had 6 spell levels left.
You knew the following spells:

 Your Spells              Type           Power      Damage    Failure   Level
a - Magic Dart            Conj           88%        1d7       1%          1
b - Searing Ray           Conj           44%        2d6       3%          2

Your spell library contained the following spells:

 Spells                   Type           Power      Damage    Failure   Level
 Dazzling Flash           Conj/Hex       24%        N/A       16%         3
 Blink                    Tloc           6%         N/A       22%         2
 Fulminant Prism          Conj/Hex       6%         3d7       47%         4
 Iskenderun's Mystic Bla  Conj/Tloc      12%        2d5       47%         4
 Manifold Assault         Tloc           3%         N/A       80%         4


Dungeon Overview and Level Annotations

Branches:
Dungeon (2/15)

Altars:


Innate Abilities, Weirdness & Mutations

Your serpentine skin is tough. (AC +1)
You have supernaturally acute eyesight. (SInv)
Armour fits poorly on your strangely shaped body.
Your system is resistant to poisons. (rPois)
You cover ground very slowly.
You can spit poison.
You have a snake-like lower body.


Message History

A kobold comes into view. It is wielding a +0 short sword.
You have got your breath back.
Casting: Magic Dart (safe; 1% risk of failure)
Confirm with . or Enter, or press ? or * to list all spells.
Aiming: Searing Ray (safe; 3% risk of failure)
Press: ? - help, Shift-Dir - straight line, f - kobold
Aim: a kobold, wielding a +0 short sword (asleep, 100% to hit)
The searing ray hits the kobold.
The kobold is moderately wounded.
The kobold shouts! (Press . to maintain the ray.)
The searing ray hits the kobold!
You kill the kobold!
You start resting.
Magic restored.
You now have 47 gold pieces (gained 9).
m - 2 scrolls labelled VURIHATOBUOV You now have 64 gold pieces (gained 17).
A bat comes into view.
Casting: Searing Ray (safe; 3% risk of failure)
Confirm with . or Enter, or press ? or * to list all spells.
Aiming: Magic Dart (safe; 1% risk of failure)
Press: ? - help, Shift-Dir - straight line, f - bat
Aim: a bat (asleep, 100% to hit)
The magic dart hits the bat.
You kill the bat!
A goblin comes into view. It is wielding a +0 dagger.
Unknown command.
Okay, then.
Casting: Magic Dart (safe; 1% risk of failure)
Confirm with . or Enter, or press ? or * to list all spells.
Aiming: Magic Dart (safe; 1% risk of failure)
Press: ? - help, Shift-Dir - straight line, f - goblin
Aim: a goblin, wielding a +0 dagger (wandering, hasn't noticed you, 100% to hit)
The magic dart hits the goblin!
You kill the goblin!
You have reached level 4!
You feel agile.
Okay, then.
Are you sure you want to abandon this character and quit the game? (Confirm with "yes".)

############
#..........##.#
#.......#.###.#
#.......#.# #.#
#.......#.# #.#
#.........# #.#
#........## #.#
##........# .#.
#.......#.# # #
##@##.####.##
#...#.###...#
#..%....<..#.....#
##.....###...###.#
##..........#
#.....####..#
.....## ..# #..)##
..# # ..#


There were no monsters in sight!

Vanquished Creatures
  An adder (D:2)
  2 dart slugs
  4 ball pythons
  7 bats
  2 endoplasms
  4 giant cockroaches
  6 hobgoblins
  3 jackals (D:1)
  5 kobolds
  A quokka (D:2)
  A frilled lizard (D:2)
  3 goblins
  A rat (D:1)
40 creatures vanquished.

Notes
Turn   | Place    | Note
-------+----------+-------------------------------------------
     0 | D:1      | Meow the Naga Conjurer began the quest for the Orb.
     0 | D:1      | Reached XP level 1. HP: 15/15 MP: 3/3
   268 | D:1      | Reached XP level 2. HP: 22/22 MP: 1/5
   271 | D:1      | Learned a level 2 spell: Searing Ray
   652 | D:1      | Reached XP level 3. HP: 28/28 MP: 3/6
  1440 | D:2      | Reached XP level 4. HP: 36/36 MP: 5/8
  1440 | D:2      | Quit the game

Illustrated notes

Levels and vault maps discovered:
D:1:      dpeg_arrival_lava_altar, layout_loops_ring
D:2:      layout_loops_ring, minmay_liquid_box

Skill      XL: |  1  2  3 |
---------------+----------+-----
Spellcasting   | 3 |  3.0
Dodging        | |  1.5
Stealth        | |  3.0
Conjurations   | |  4.7

Action                     |  1- 3 |  4- 6 || total
---------------------------+-------+-------++-------
   Cast: Magic Dart        |    25 |       ||    25
         Searing Ray       |     8 |       ||     8
Ability: Spit Poison       |    22 |       ||    22
    Use: Scroll            |     1 |       ||     1
 Armour: Robe              |     6 |       ||     6
  Dodge: Dodged            |     6 |       ||     6

Table legend: (Time is in decaauts)
 A = Elapsed time spent in this place.
 B = Non-inter-level travel time spent in this place.
 C = Inter-level travel time spent in this place.
 D = Time resting spent in this place.
 E = Time spent auto-exploring this place.
 F = Levels seen in this place.
 G = Mean time per level.
                   A        B        C        D        E       F      G
               +--------+--------+--------+--------+--------+-----+--------+
         Total |   1776 |   1739 |     37 |    492 |   1022 |   2 |  888.0 |
       Dungeon |   1776 |   1739 |     37 |    492 |   1022 |   2 |  888.0 |
               +--------+--------+--------+--------+--------+-----+--------+

Top non-repeatable levels by time:
     D:1: 1297 daAuts
     D:2: 479 daAuts
